 Dungeon Crawl Stone Soup version 0.21.1-1-g345015f (webtiles) character file.

211 kae the Insei (level 5, -1/38 HPs)
             Began as a Demonspawn Transmuter on May 19, 2018.
             Slain by a bullfrog (7 damage)
             ... in a sewer.
             The game lasted 00:04:35 (3837 turns).

kae the Insei (Demonspawn Transmuter)               Turns: 3837, Time: 00:04:36

Health: -1/38      AC:  2    Str: 14    XL:     5   Next: 57%
Magic:  4/9        EV: 20    Int: 14    God:
Gold:   132        SH:  0    Dex: 22    Spells: 3/9 levels left

rFire    . . .     SeeInvis .     - Unarmed
rCold    . . .     Gourm    .   (shield currently unavailable)
rNeg     . . .     Faith    .   (armour currently unavailable)
rPois    x         Spirit   .   (helmet currently unavailable)
rElec    .         Reflect  .   (cloak currently unavailable)
rCorr    .         Harm     .   (gloves currently unavailable)
MR       .....                  (boots currently unavailable)
Stlth    ++........             p - amulet of magic regeneration
HPRegen  0.12/turn              f - +4 ring of strength
MPRegen  0.36/turn              (no ring)

@: spider-form, very slightly contaminated
A: tiny, thin skeletal structure 1, powered by pain 1
a: End Transformation


You were in a sewer.
You were hungry.
You were a venomous arachnid creature.
You visited 1 branch of the dungeon, and saw 3 of its levels.
You also visited: Sewer.

You collected 132 gold pieces.

Inventory:

Missiles
 a - 110 arrows
Armour
 b - a +1 robe (melded)
 e - a +0 helmet
Jewellery
 f - a +4 ring of strength (left front leg)
 p - an amulet of magic regeneration (around neck)
Scrolls
 h - 2 scrolls of enchant weapon
 j - 2 scrolls of remove curse
 l - a scroll of blinking {unknown}
 o - a scroll of noise {unknown}
Potions
 g - 2 potions of haste
 k - a potion of degeneration
 m - 2 potions of magic
Books
 c - a book of Changes

   Spells                             Type                      Level
   a - Beastly Appendage              Transmutation                1
   b - Sticks to Snakes               Transmutation                2
   c - Spider Form                    Transmutation/Poison         3
   d - Ice Form                       Ice/Transmutation            4
   e - Blade Hands                    Transmutation                5
 n - a book of Conjurations

   Spells                             Type                      Level
   a - Magic Dart                     Conjuration                  1
   b - Searing Ray                    Conjuration                  2
   c - Dazzling Spray                 Conjuration/Hexes            3
   d - Fulminant Prism                Conjuration/Hexes            4
   e - Force Lance                    Conjuration/Translocation    4
   f - Iskenderun's Mystic Blast      Conjuration                  4
Comestibles
 d - 6 rations


   Skills:
 + Level 2.3 Fighting
 - Level 1.7 Dodging
 * Level 3.9 Unarmed Combat
 + Level 2.8 Spellcasting
 * Level 3.4 Transmutations


You had 3 spell levels left.
You knew the following spells:

 Your Spells              Type           Power        Failure   Level  Hunger
a - Beastly Appendage     Tmut           ##....       16%         1    #......
b - Sticks to Snakes      Tmut           ##......     22%         2    ##.....
c - Spider Form           Tmut/Pois      #.........   54%         3    ###....


Dungeon Overview and Level Annotations

Branches:
Dungeon (3/15)

Altars:
Hepliaklqana
Yredelemnul


Innate Abilities, Weirdness & Mutations

((You have a pair of small horns on your head.))
You have a somewhat thin skeletal structure. (Dex +2, Stealth)
You sometimes gain a little power by taking damage.


Message History

You miscast Spider Form.
You are very lightly contaminated with residual magic.
Your body is twisted painfully.
* * * LOW HITPOINT WARNING * * *
You are feeling hungry.
Unknown command.
Unknown command.
Casting: Spider Form
Confirm with . or Enter, or press ? or * to list all spells.
You turn into a venomous arachnid creature.
Your +1 robe melds into your body.
The bullfrog barely misses you. The bullfrog completely misses you.
You hit the bullfrog.
The bullfrog is poisoned.
The bullfrog is lightly wounded.
The bullfrog barely misses you. The bullfrog hits you.
* * * LOW HITPOINT WARNING * * *
You hit the bullfrog.
The bullfrog looks even sicker.
The bullfrog is lightly wounded.
The bullfrog hits you!
You die...

#
#####################
....................##
≈≈≈≈≈≈≈≈≈≈≈≈≈≈≈≈≈≈≈..#
≈≈≈≈≈≈≈≈≈≈≈≈≈≈≈≈≈≈≈≈.#
≈≈≈≈≈≈≈≈≈≈≈≈≈≈≈≈≈≈≈≈.#
....≈≈≈≈≈≈≈≈≈≈..≈≈≈≈.#
≈≈≈≈≈≈≈≈≈≈≈≈≈≈≈≈.≈≈≈.#
≈≈≈≈≈≈≈≈≈≈≈≈≈≈≈Fs≈≈≈≈#
≈≈≈≈≈≈≈≈≈.≈≈≈≈≈≈≈≈≈≈.#
≈≈≈≈≈≈.≈..≈≈≈≈≈≈≈≈≈≈.#
≈≈≈≈.|≈≈≈.≈≈≈≈≈≈≈≈≈≈≈#
≈≈≈.?(?≈≈..≈≈≈≈≈≈≈≈≈.#
≈≈≈..!.≈..≈≈≈≈≈≈≈≈≈≈≈#
≈≈≈.≈.≈≈...≈≈≈≈≈≈≈≈≈≈#
≈≈≈≈≈≈≈≈≈≈∩≈≈≈≈#≈≈≈≈≈#
≈≈≈≈≈≈≈≈≈≈≈≈≈≈##≈≈≈≈≈#


You could see a bullfrog.

Vanquished Creatures
  A bullfrog (Sewer)
  5 adders
  An ooze (D:1)
  6 worms
  4 dart slugs
  4 leopard geckos
  5 ball pythons
  7 giant cockroaches
  3 goblins
  10 hobgoblins
  2 jackals (D:2)
  4 bats
  14 frilled lizards
  6 kobolds
  7 rats
79 creatures vanquished.

Notes
Turn   | Place    | Note
-------+----------+-------------------------------------------
     0 | D:1      | kae the Demonspawn Transmuter began the quest for the Orb.
     0 | D:1      | Reached XP level 1. HP: 15/15 MP: 3/3
   236 | D:1      | Gained mutation: You sometimes gain a little power by taking damage. [demonic ancestry]
   236 | D:1      | Reached XP level 2. HP: 19/21 MP: 3/5
   883 | D:2      | Gained mutation: You have a pair of small horns on your head. [demonic ancestry]
   883 | D:2      | Reached XP level 3. HP: 26/26 MP: 4/6
  1593 | D:2      | Found a basalt altar of Yredelemnul.
  2082 | D:2      | Gained mutation: You have a somewhat thin skeletal structure. (Dex +2, Stealth) [demonic ancestry]
  2082 | D:2      | Reached XP level 4. HP: 20/33 MP: 5/7
  2716 | D:3      | Learned a level 2 spell: Sticks to Snakes
  2720 | D:3      | Learned a level 3 spell: Spider Form
  2806 | D:3      | Found a hazy altar of Hepliaklqana.
  3150 | D:3      | Found a glowing drain.
  3185 | Sewer    | Entered a sewer
  3554 | Sewer    | Reached XP level 5. HP: 34/38 MP: 7/9
  3837 | Sewer    | Slain by a bullfrog

Skill      XL: |  1  2  3  4 |
---------------+-------------+-----
Transmutations | 2 3 |  3.4
Unarmed Combat | 3 |  3.9
Fighting       | 2 |  2.3
Dodging        | |  1.7
Spellcasting   | |  2.8

Action                   |  1- 3 |  4- 6 || total
-------------------------+-------+-------++-------
Melee: Unarmed           |   127 |   107 ||   234
       Kick              |    15 |     6 ||    21
       Punch             |     1 |     2 ||     3
       Headbutt          |     7 |    19 ||    26
 Cast: Beastly Appendage |    15 |     8 ||    23
       Spider Form       |       |     3 ||     3
  Use: Scroll            |     7 |     4 ||    11
 Stab: Sleeping          |     1 |     4 ||     5
  Eat: Chunk             |     4 |     6 ||    10
Armor: Robe              |    26 |    14 ||    40
Dodge: Dodged            |    71 |    53 ||   124
